 Dungeon Crawl Stone Soup version 0.27-a0-103-g6cd7b45605 (webtiles) character file.

Game seed: 1205628253422980365

1092 knot the Cleaver (level 8, -11/87 HPs)
             Began as a Demonspawn Berserker on Jan 23, 2021.
             Was an Elder of Trog.
             Mangled by a two-headed ogre
             ... wielding a +0 giant club
              (22 damage)
             ... on level 5 of the Dungeon.
             The game lasted 00:08:58 (9477 turns).

knot the Cleaver (Demonspawn Berserker)             Turns: 9477, Time: 00:08:59

Health: -11/87     AC:  2    Str: 18    XL:     8   Next: 9%
Magic:  8/8        EV: 12    Int: 10    God:    Trog [****..]
Gold:   266        SH:  0    Dex: 13    Spells: 7/7 levels left

rFire    . . .     SeeInvis .   a - +1 hand axe
rCold    . . .     Faith    +   (no shield)
rNeg     . . .     Spirit   .   b - +0 animal skin
rPois    .         Reflect  .   (no helmet)
rElec    .         Harm     .   (no cloak)
rCorr    .         Rampage  .   (no gloves)
Will     .....                  (no boots)
Stlth    ..........             n - amulet of faith
HPRegen  0.24/turn              d - ring of wizardry
MPRegen  0.11/turn              (no ring)

@: berserking, very quick
A: claws 2, powered by death 2
a: Renounce Religion, Berserk, Trog's Hand, Brothers in Arms


You were on level 5 of the Dungeon.
You worshipped Trog.
Trog was greatly pleased with you.
You visited 1 branch of the dungeon, and saw 5 of its levels.
You also visited: Sewer.

You collected 266 gold pieces.

Inventory:

Hand Weapons
 a - a +1 hand axe (weapon)
Missiles
 e - 120 stones (quivered)
 f - 92 sling bullets
Armour
 b - a +0 animal skin (worn)
Jewellery
 d - a ring of wizardry (left claw)
 n - an amulet of faith (around neck)
 w - an uncursed ring of stealth {unknown}
Scrolls
 c - 3 scrolls of identify
 g - 3 scrolls of teleportation
 i - 4 scrolls of fog {unknown}
 l - 3 scrolls of magic mapping {unknown}
 q - a scroll of fear
 s - a scroll of blinking {unknown}
 t - a scroll of amnesia {unknown}
 x - a scroll of immolation {unknown}
 y - a scroll of remove curse
 z - a scroll of enchant armour {unknown}
Potions
 h - 4 potions of curing
 j - 2 potions of attraction {unknown}
 k - a potion of resistance {unknown}
 m - 3 potions of heal wounds {unknown}
 o - a potion of lignification {unknown}
 p - a potion of might {unknown}
 r - a potion of magic {unknown}
 u - a potion of flight {unknown}
 A - a potion of brilliance {unknown}


   Skills:
 - Level 3.0 Fighting
 + Level 9.2 Axes
 - Level 1.7 Armour
 - Level 1.7 Dodging


You had 7 spell levels left.
You didn't know any spells.
Your spell library was empty.

Dungeon Overview and Level Annotations

Branches:
Dungeon (5/15)              Sewer (visited)
 Temple: D:4-7

Altars:


Innate Abilities, Weirdness & Mutations

You have very sharp fingernails.
You regenerate health from kills.


Message History

The two-headed ogre is almost dead.
Throw: 2 darts (poison)
Press: ? - help, Q - select action, (/) - cycle Shift-Dir - straight line, f/p - two-headed ogre
Aim: a two-headed ogre, wielding two +0 giant clubs (almost dead, poisoned)
You throw a poisoned dart.
The poisoned dart hits the two-headed ogre.
The two-headed ogre is almost dead.
Throw: dart (poison)
Press: ? - help, Q - select action, (/) - cycle Shift-Dir - straight line, f/p - two-headed ogre
Aim: a two-headed ogre, wielding two +0 giant clubs (almost dead, poisoned)
You throw a poisoned dart.
The poisoned dart hits the two-headed ogre.
The two-headed ogre looks even sicker.
The two-headed ogre is almost dead.
A red film seems to cover your vision as you go berserk!
You feel yourself moving faster!
You feel mighty!
The two-headed ogre hits you with a +0 giant club!!
* * * LOW HITPOINT WARNING * * *
The two-headed ogre hits you with a +0 giant club!!
You die...

....##+###.....#...#(....#
.........#.....#...'.....#
.........#.....#####(....#
.........#.<.......(.....#
.........#........(.######
.........#..........#
######...#..........#
....##...#......O...+
....##...#......@...#+####
....##...#########+#.....#
....'.........# #.....#
....##........# #.....#
....##........########...#
.....#........##≈≈.≈≈#...#
.....#.........#≈)≈[≈#...#
.....'........(+.≈♣≈.'...#
#'####........##≈.≈.≈#...#


You could see a two-headed ogre (very poisoned).

Vanquished Creatures
  A water moccasin (D:3)
  An ogre (D:4)
  A phantom (D:5)
  A centaur (D:5)
  2 bullfrogs (Sewer)
  A scorpion (D:4)
  A howler monkey (D:5)
  An orc priest (D:4)
  A bullfrog skeleton (D:4)
  Jessica (D:3)
  An iguana (D:5)
  A worker ant (D:4)
  8 adders
  3 gnolls (D:5)
  3 river rats (Sewer)
  3 oozes
  6 worms
  2 dart slugs
  7 leopard geckos
  7 orcs
  9 bats
  6 giant cockroaches
  9 hobgoblins
  7 jackals
  3 quokkas
  15 ball pythons
  10 frilled lizards
  11 goblins
  A jackal zombie (D:5)
  6 kobolds
  33 rats
162 creatures vanquished.

Vanquished Creatures (collateral kills)
  Sigmund (D:3)
  An orc (D:3)
  A hobgoblin (D:3)
3 creatures vanquished.

Grand Total: 165 creatures vanquished

Notes
Turn   | Place    | Note
-------+----------+-------------------------------------------
     0 | D:1      | knot the Demonspawn Berserker began the quest for the Orb.
     0 | D:1      | Reached XP level 1. HP: 18/18 MP: 1/1
    53 | D:1      | Reached skill level 3 in Axes
   197 | D:1      | Gained mutation: You regenerate a little health from kills.
                  | [demonic ancestry]
   197 | D:1      | Reached XP level 2. HP: 24/24 MP: 2/2
   629 | D:1      | Reached XP level 3. HP: 27/29 MP: 3/3
   772 | D:1      | Reached ** piety under Trog
  1113 | D:2      | Reached skill level 4 in Axes
  1851 | D:2      | Reached XP level 4. HP: 35/35 MP: 4/4
  3778 | D:3      | Noticed a water moccasin
  3784 | D:3      | Killed a water moccasin
  3785 | D:3      | Reached skill level 5 in Axes
  3785 | D:3      | Gained mutation: You regenerate health from kills. [demonic
                  | ancestry]
  3785 | D:3      | Reached XP level 5. HP: 34/41 MP: 5/5
  4190 | D:3      | Found a glowing drain.
  4213 | Sewer    | Entered a sewer
  4250 | Sewer    | Reached *** piety under Trog
  4302 | Sewer    | Reached skill level 6 in Axes
  4586 | Sewer    | Gained mutation: You have sharp fingernails. [demonic
                  | ancestry]
  4586 | Sewer    | Reached XP level 6. HP: 44/47 MP: 6/6
  4883 | Sewer    | Reached **** piety under Trog
  5057 | D:3      | Noticed Jessica
  5071 | D:3      | Killed Jessica
  5072 | D:3      | Reached skill level 7 in Axes
  5378 | D:3      | Noticed Sigmund
  5420 | D:3      | Killed Sigmund
  5421 | D:3      | Gained mutation: You have very sharp fingernails. [demonic
                  | ancestry]
  5421 | D:3      | Reached XP level 7. HP: 29/52 MP: 7/7
  7321 | D:4      | Reached skill level 8 in Axes
  8287 | D:5      | Entered Level 5 of the Dungeon
  8704 | D:5      | Reached skill level 9 in Axes
  8704 | D:5      | Reached XP level 8. HP: 40/58 MP: 8/8
  9450 | D:5      | Noticed a two-headed ogre
  9477 | D:5      | Mangled by a two-headed ogre

Illustrated notes

Levels and vault maps discovered:
D:1:      scummos_arrival_hexagon, layout_basic, serial_glass, glass_columns_b,
          glass_columns_c, glass_columns_a, glass_columns_a,
          minmay_strange_pillars, item_on_display_a, minmay_strange_pillars
D:2:      layout_basic
D:3:      layout_basic, portal_sewer_entry_f, minmay_misc_feat_roman,
          uniq_jessica, uniq_sigmund
D:4:      layout_basic
D:5:      layout_gridville, lemuel_round_altar, kennysheep_generic_room_13

Skill      XL: |  1  2  3  4  5  6  7 |
---------------+----------------------+-----
Axes           | 3 4 5 6 7 9 |  9.2
Fighting       | |  3.0
Armour         | |  1.7
Dodging        | |  1.7

Action                   |  1- 3 |  4- 6 |  7- 9 || total
-------------------------+-------+-------+-------++-------
Melee: Hand axe          |   119 |   225 |   134 ||   478
Throw: Dart              |       |     8 |    17 ||    25
       Stone             |       |     7 |     3 ||    10
Invok: Berserk           |     4 |     9 |     9 ||    22
       Trog's Hand       |       |     2 |     1 ||     3
       Brothers in Arms  |       |     1 |     1 ||     2
  Use: Scroll            |     2 |     4 |       ||     6
 Stab: Sleeping          |       |     1 |       ||     1
Armor: Animal skin       |    16 |    29 |    16 ||    61
Dodge: Dodged            |    85 |   127 |    64 ||   276

Table legend: (Time is in decaauts)
 A = Elapsed time spent in this place.
 B = Non-inter-level travel time spent in this place.
 C = Inter-level travel time spent in this place.
 D = Time resting spent in this place.
 E = Time spent auto-exploring this place.
 F = Levels seen in this place.
 G = Mean time per level.
                   A        B        C        D        E       F      G
               +--------+--------+--------+--------+--------+-----+--------+
         Total |   9731 |   9602 |    129 |   4824 |   3650 |   6 | 1621.8 |
       Dungeon |   8910 |   8781 |    129 |   4357 |   3505 |   5 | 1782.0 |
         Sewer |    821 |    821 |      0 |    467 |    145 |   1 |  821.0 |
               +--------+--------+--------+--------+--------+-----+--------+

Top non-repeatable levels by time:
     D:2: 2546 daAuts
     D:4: 2303 daAuts
     D:3: 1556 daAuts
     D:1: 1292 daAuts
     D:5: 1211 daAuts
   Sewer: 821 daAuts
